 Dungeon Crawl Stone Soup version 0.21.0-24-g2553a33 (webtiles) character file.

130 Gorglomux the Skirmisher (level 4, -1/41 HPs)
             Began as a Draconian Monk on Jan 19, 2018.
             Slain by a gnoll (6 damage)
             ... on level 2 of the Dungeon.
             The game lasted 00:02:15 (2187 turns).

Gorglomux the Skirmisher (Draconian Monk)           Turns: 2187, Time: 00:02:17

Health: -1/41      AC:  6    Str: 13    XL:     4   Next: 89%
Magic:  4/4        EV: 13    Int: 12    God:
Gold:   126        SH:  0    Dex: 13    Spells: 3/3 levels left

rFire    . . .     SeeInvis .   a - +0 hand axe
rCold    . . .     Gourm    .   (no shield)
rNeg     . . .     Faith    .   (armour unavailable)
rPois    .         Spirit   .   (helmet restricted)
rElec    .         Reflect  .   (no cloak)
rCorr    .         Harm     .   i - +0 pair of gloves
MR       .....                  (no boots)
Stlth    ++........             (no amulet)
HPRegen  0.13/turn              (no ring)
MPRegen  0.09/turn              (no ring)

@: no status effects
A: unfitting armour, cold-blooded, AC +5
a: no special abilities


You were on level 2 of the Dungeon.
You were not hungry.

You visited 1 branch of the dungeon, and saw 3 of its levels.

You collected 126 gold pieces.

Inventory:

Hand Weapons
 a - a +0 hand axe (weapon)
Missiles
 k - a javelin (quivered)
Armour
 i - a +0 pair of gloves (worn)
Jewellery
 j - a +1 ring of protection {unknown}
 S - a cursed -2 ring of evasion {unknown}
Wands
 E - a wand of enslavement (14)
Scrolls
 c - 2 scrolls of enchant armour {unknown}
 f - a scroll of fog {unknown}
 g - 2 scrolls of remove curse {unknown}
 h - 5 scrolls of identify {unknown}
 n - a scroll of teleportation {unknown}
 R - a scroll of fear {unknown}
 T - a scroll of magic mapping {unknown}
Potions
 o - a potion of brilliance {unknown}
 p - a potion of heal wounds {unknown}
 Q - 2 potions of curing
Comestibles
 b - 2 rations
 q - 5 chunks of flesh


   Skills:
 + Level 4.4 Fighting
 + Level 4.0 Axes
 + Level 3.6 Dodging
 - Level 1.7 Stealth


You had 3 spell levels left.
You didn't know any spells.

Dungeon Overview and Level Annotations

Branches:
Dungeon (3/15)

Altars:
Fedhas
Sif Muna
Wu Jian

Annotations:
D:2 exclusion: oklob plant


Innate Abilities, Weirdness & Mutations

Your plain brown scales are hard. (AC +5)
You cannot fit into any form of body armour.
You are cold-blooded and may be slowed by cold attacks.


Message History

The gnoll closely misses you!
The gnoll hits you from afar with a spear!!!
There is a stone staircase leading up here!
The gnoll barely misses you! The gnoll hits you! * * * don't die
* * * You butt upwards!
Level annotation: exclusion: oklob plant
There is a stone staircase leading down here!
You closely miss the gnoll!
The gnoll is moderately butt!
The gnoll closely misses you!
You barely miss the gnoll!
The gnoll is moderately wounded!
The gnoll closely butts butt!
You closely miss the gnoll! You tail-slap the gnoll!
The gnoll is moderately wounded!
The gnoll hits you!!! * * * don't die
* * * The gnoll hits you! rip

#.......#...........#....###
#.....................####
.............###.....##
#........#.####.......#
.........#..# #.......#
.........##.###...>...#
.....................##
##.####.#####.#.......# .#.#
#>...##..g@.....# .#.#
####............# .#.#
######.#.....##
.########............#
.....................#
##...............#)..####
#...............##.....#
#..)....#######.##..##.#
#.......# #.##..##.###


You could see a gnoll.

Vanquished Creatures
  5 gnolls
  4 adders
  An ooze (D:1)
  2 worms (D:2)
  A dart slug (D:2)
  A leopard gecko (D:3)
  3 giant cockroaches (D:1)
  4 goblins
  5 hobgoblins
  A kobold (D:2)
  2 ball pythons
  3 bats
  A frilled lizard (D:1)
  4 rats
37 creatures vanquished.

Vanquished Creatures (others)
  18 toadstools (D:2)
18 creatures vanquished.

Grand Total: 55 creatures vanquished

Notes
Turn   | Place    | Note
-------+----------+-------------------------------------------
     0 | D:1      | Gorglomux the Draconian Monk began the quest for the Orb.
     0 | D:1      | Reached XP level 1. HP: 19/19 MP: 1/1
   152 | D:1      | Reached XP level 2. HP: 26/26 MP: 2/2
   214 | D:1      | Reached skill level 3 in Dodging
   731 | D:1      | Reached XP level 3. HP: 27/33 MP: 3/3
   987 | D:2      | Found an ornate altar of the Wu Jian Council.
  1018 | D:2      | Found a blossoming altar of Fedhas.
  1038 | D:2      | Noticed an oklob plant
  1258 | D:1      | Reached XP level 4. HP: 16/40 MP: 4/4
  2106 | D:3      | Found a deep blue altar of Sif Muna.
  2187 | D:2      | Slain by a gnoll

Skill      XL: |  1  2  3  4 |
---------------+-------------+-----
Dodging        | 3 |  3.6
Fighting       | 4 |  4.4
Axes           | 4 |  4.0
Stealth        | |  1.7

Action                   |  1- 3 |  4- 6 || total
-------------------------+-------+-------++-------
Melee: Hand axe          |   104 |    33 ||   137
       Tailslap          |    11 |     1 ||    12
Throw: Javelin           |     2 |     3 ||     5
  Use: Potion            |     1 |     1 ||     2
 Stab: Sleeping          |     3 |       ||     3
  Eat: Chunk             |     1 |     3 ||     4
Armor: Skin              |    40 |     9 ||    49
Dodge: Dodged            |    74 |    27 ||   101
